 Dungeon Crawl Stone Soup version 0.29.1-1-gd02db6906a (webtiles) character file.

Game seed: 16482868547802032950

671 RascalDebosk the Grasshopper (level 7, -1/59 HPs)
             Began as a White Draconian Warper on Oct 3, 2022.
             Slain by a lemure (4 damage)
             ... led by Pikel
             ... on level 4 of the Dungeon.
             The game lasted 00:39:27 (6155 turns).

RascalDebosk the Grasshopper (DrWr)                 Turns: 6155, Time: 00:39:28

Health: -1/59      AC: 14    Str: 14    XL:     7   Next: 32%
Magic:  11/12      EV: 10    Int: 15    God:
Gold:   32         SH:  0    Dex: 16    Spells: 4/13 levels left

rFire   . . .      SeeInvis .   u - +0 halberd (protect)
rCold   + . .      Faith    .   (shield currently unavailable)
rNeg    + . .      Spirit   .   (body armour unavailable)
rPois   .          Reflect  .   (helmet restricted)
rElec   .          Harm     .   s - +0 cloak
rCorr   .          Rampage  .   (no gloves)
Will    .....                   (no boots)
Stlth   +.........              (no amulet)
HPRegen 0.19/turn               d - ring of positive energy
MPRegen 0.13/turn               t - +6 ring of dexterity

@: grasped by roots, under a protective aura, constricted
A: breathe frost, AC +6, unfitting armour, cold resistance 1, cold-blooded
a: Breathe Frost


You were on level 4 of the Dungeon.
You visited 2 branches of the dungeon, and saw 5 of its levels.
You also visited: Sewer.

You collected 181 gold pieces.
You spent 149 gold pieces at shops.

Inventory:

Hand Weapons
 a - a +0 spear
 f - a +0 scythe
 u - a +0 halberd of protection (weapon)
Missiles
 c - 4 boomerangs of dispersal
 k - 3 javelins (quivered)
 q - 13 poisoned darts
 D - a boomerang
Armour
 s - a +0 cloak (worn)
Magical Staves
 C - a staff of death
Jewellery
 d - a ring of positive energy (left hand)
 t - a +6 ring of dexterity (right hand)
 F - a +6 ring of dexterity
Scrolls
 i - 3 scrolls of identify
 j - 2 scrolls of fear
 w - a scroll of poison {unknown}
 x - a scroll of enchant weapon {unknown}
 y - a scroll of magic mapping
 A - a scroll of acquirement {unknown}
 B - a scroll of enchant armour {unknown}
 E - a scroll of brand weapon {unknown}
Potions
 b - 5 potions of flight
 e - 2 potions of might
 g - 2 potions of invisibility {unknown}
 h - 3 potions of magic {unknown}
 l - 2 potions of haste {unknown}
 m - a potion of lignification {unknown}
 n - a potion of berserk rage {unknown}
 o - a potion of mutation {unknown}
 p - 3 potions of brilliance
 r - 3 potions of attraction
 v - 5 potions of curing
 z - a potion of cancellation {unknown}


   Skills:
 + Level 4.0 Fighting
 + Level 3.8 Polearms
 + Level 3.0 Throwing
 + Level 3.5 Dodging
 + Level 3.5 Spellcasting
 + Level 4.5 Translocations


You had 4 spell levels left.
You knew the following spells:

 Your Spells              Type           Power      Damage    Failure   Level
a - Blink                 Tloc           32%        N/A       4%          2
b - Gell's Gravitas       Tloc           16%        N/A       9%          3
c - Teleport Other        Tloc           16%        N/A       9%          3
d - Apportation           Tloc           32%        N/A       3%          1

Your spell library contained the following spells:

 Spells                   Type           Power      Damage    Failure   Level
 Lesser Beckoning         Tloc           16%        N/A       9%          3
 Necrotise                Necr           8%         1d4       19%         1
 Summon Small Mammal      Summ           8%         N/A       19%         1
 Portal Projectile        Hex/Tloc       18%        N/A       22%         3
 Call Canine Familiar     Summ           2%         N/A       50%         3
 Leda's Liquefaction      Hex/Erth       1%         N/A       88%         4
 Manifold Assault         Tloc           16%        N/A       63%         5


Dungeon Overview and Level Annotations

Branches:
Dungeon (4/15)             Temple (1/1) D:4           Sewer (visited)

Altars:
Cheibriados
Dithmenos
Elyvilon
Fedhas
Gozag
Hepliaklqana
Kikubaaqudgha
Makhleb
Nemelex Xobeh
Ru
Sif Muna
Uskayaw
Wu Jian
Zin
The Shining One

Shops:
D:1 !!(   D:3 ::(?!

Annotations:
D:4 Pikel


Innate Abilities, Weirdness & Mutations

You can breathe waves of freezing cold which knock back foes.
Your icy white scales are hard. (AC +6)
You cannot fit into any form of body armour.
Your flesh is cold resistant. (rC+)
You are cold-blooded and may be slowed by cold attacks.


Message History

That felt strangely unrewarding.
A lemure comes into view.
Pikel misses you.
You hit Pikel.
Pikel is lightly wounded.
Pikel barely misses you. Pikel hits you but does no damage.
You barely miss Pikel.
Pikel is lightly wounded.
Pikel hits you with a +1 whip of flaming.
Pikel burns you.
You closely miss Pikel.
Pikel is lightly wounded.
Pikel zaps a wand.
The roots erupt in riotous growth!
The grasping roots grab you!
Pikel is unaffected.
The grasping roots constrict you!
You closely miss Pikel. You tail-slap Pikel.
Pikel is lightly wounded.
Pikel hits you with a +1 whip of flaming.
Pikel burns you. The grasping roots constrict you.
The lemure barely misses you. Pikel hits you but does no damage.
The grasping roots constrict you.
* * * LOW HITPOINT WARNING * * *
You are too injured to fight recklessly!
You are too injured to fight recklessly!
You are too injured to fight recklessly!
You are too injured to fight recklessly!
Casting: Gell's Gravitas (dangerous; 9% risk of failure)
Confirm with . or Enter, or press ? or * to list all spells.
You escape the roots grasp.
You blink.
Pikel zaps a wand.
The roots erupt in riotous growth!
The grasping roots grab you!
The lemure is unaffected.
Pikel is unaffected.
The grasping roots constrict you.
* * * LOW HITPOINT WARNING * * *
You puncture Pikel!
Your weapon exudes an aura of protection.
You tail-slap Pikel, but do no damage.
Pikel is heavily wounded.
Pikel closely misses you. The grasping roots constrict you.
* * * LOW HITPOINT WARNING * * *
The lemure hits you but does no damage.
The grasping roots release their grip on you.
You barely miss Pikel. You tail-slap Pikel.
Pikel is heavily wounded.
The lemure hits you but does no damage.
Pikel zaps a wand.
The roots erupt in riotous growth!
The grasping roots grab you!
The lemure is unaffected.
Pikel is unaffected.
The grasping roots constrict you.
You puncture Pikel! You tail-slap Pikel, but do no damage.
Pikel is severely wounded.
You feel stable enough to blink again. The lemure closely misses you.
Pikel hits you with a +1 whip of flaming.
* * * LOW HITPOINT WARNING * * *
Pikel burns you.
* * * LOW HITPOINT WARNING * * *
The grasping roots constrict you.
* * * LOW HITPOINT WARNING * * *
The lemure barely misses you. Pikel barely misses you.
The grasping roots constrict you.
The grasping roots release their grip on you.
You closely miss Pikel.
Pikel is severely wounded.
The lemure hits you but does no damage. Pikel misses you.
You closely miss Pikel.
Your tail-slap misses Pikel.
Pikel is severely wounded.
The lemure barely misses you. Pikel hits you but does no damage.
You miss Pikel.
Pikel is severely wounded.
The lemure closely misses you.
Pikel hits you with a +1 whip of flaming.
* * * LOW HITPOINT WARNING * * *
Pikel burns you.
* * * LOW HITPOINT WARNING * * *
Pikel hits you with a +1 whip of flaming.
* * * LOW HITPOINT WARNING * * *
Pikel burns you.
* * * LOW HITPOINT WARNING * * *
The lemure hits you.
* * * LOW HITPOINT WARNING * * *
You slash Pikel!
Your weapon exudes an aura of protection.
You tail-slap Pikel.
Pikel is almost dead.
The lemure hits you but does no damage.
Pikel zaps a wand.
The roots erupt in riotous growth!
The grasping roots grab you!
The lemure is unaffected.
Pikel is unaffected.
The grasping roots constrict you.
* * * LOW HITPOINT WARNING * * *
Unknown command.
You barely miss Pikel.
Pikel is almost dead.
The lemure hits you.
You die...

..#...#.##... #........#..
##'...#.##... ###.#....#.#
#.....#...... #.#....#.#
#####.......###### # #.#..###.#
............##...# #.###.#..###.#
##.###..#...##...# #.....#.......
##.###..# .###...###.....#..###..
.....#..##.# #...........#....#..
........##.###..@....#........##.
##.........#...5K....#.#.#.#####.
.......##............#.#...#~#...
.......##.......(....#.###.#.#...
[......##.......##.#.......#~#...
##..##.##.......##.###.#####~#...
................##.###.##..#~#...
...........................#~#...
.......##...##.#...........#~#.##


You could see Pikel and a lemure.

Vanquished Creatures
  Sigmund (D:3)
  Duvessa (D:4)
  3 lemures (D:4)
  A kobold brigand (Sewer)
  Dowan (D:4)
  A jelly (D:4)
  Natasha (D:2)
  Robin (D:4)
  3 gnolls (D:3)
  4 adders
  5 river rats (Sewer)
  2 worms
  A dart slug (D:2)
  10 orcs
  8 endoplasms
  A giant cockroach (D:1)
  15 goblins
  3 hobgoblins
  4 jackals (D:3)
  3 quokkas
  12 ball pythons
  3 frilled lizards
  22 kobolds
  26 rats
132 creatures vanquished.

Vanquished Creatures (others)
  6 plants (D:2)
6 creatures vanquished.

Grand Total: 138 creatures vanquished

Notes
Turn   | Place    | Note
-------+----------+-------------------------------------------
     0 | D:1      | RascalDebosk the Draconian Warper began the quest for the
                  | Orb.
     0 | D:1      | Reached XP level 1. HP: 17/17 MP: 3/3
    61 | D:1      | Found Huebymoe's Distillery.
   113 | D:1      | Found Uklo's Antique Weapon Emporium.
   161 | D:1      | Reached skill level 1 in Throwing
   235 | D:1      | Found a faded altar of an unknown god.
   366 | D:1      | Found Gauklodd's Distillery.
   375 | D:1      | Bought a potion of degeneration for 11 gold pieces
   495 | D:1      | Reached XP level 2. HP: 20/25 MP: 5/5
   507 | D:1      | Learned a level 2 spell: Blink
  1154 | D:2      | Reached XP level 3. HP: 17/30 MP: 6/6
  1158 | D:2      | Learned a level 3 spell: Gell's Gravitas
  2101 | D:2      | Noticed Natasha
  2120 | D:2      | HP: 1/30 [Natasha (8)]
  2121 | D:2      | Killed Natasha
  2122 | D:2      | Reached XP level 4. HP: 2/37 MP: 4/7
  2680 | D:3      | Found Duterrik's Antique Weapon Boutique.
  2708 | D:3      | Found a glowing silver altar of Zin.
  3058 | D:3      | Reached XP level 5. HP: 19/45 MP: 8/8
  3270 | D:3      | Found Istututs's Magic Scroll Shop.
  3293 | D:1      | Bought a potion of curing for 33 gold pieces
  3293 | D:1      | Bought a potion of flight for 33 gold pieces
  3293 | D:1      | Bought a potion of attraction for 33 gold pieces
  3345 | D:1      | Bought a potion of curing for 39 gold pieces
  3373 | D:3      | Found Itwiwkur's Distillery.
  3469 | D:3      | Noticed Sigmund
  3486 | D:3      | Learned a level 3 spell: Teleport Other
  3488 | D:3      | Learned a level 1 spell: Apportation
  3629 | D:3      | Killed Sigmund
  3630 | D:3      | Reached XP level 6. HP: 36/51 MP: 10/10
  3826 | D:3      | Found Xaogev's Book Shop.
  3843 | D:3      | Found Fuah's Book Emporium.
  3877 | D:4      | Noticed Robin
  3914 | D:4      | Killed Robin
  4106 | D:4      | Noticed Duvessa
  4106 | D:4      | Noticed Dowan
  4112 | D:4      | Killed Duvessa
  4145 | D:4      | Killed Dowan
  4152 | D:4      | Found a glowing drain.
  4155 | Sewer    | Entered a sewer
  4628 | Sewer    | Your scales start taking on an icy white colour.
  4628 | Sewer    | Reached XP level 7. HP: 35/58 MP: 5/12
  4628 | Sewer    | Gained mutation: Your flesh is cold resistant. (rC+) [White
                  | Draconian growth]
  5476 | D:4      | Found a staircase to the Ecumenical Temple.
  5499 | Temple   | Entered the Ecumenical Temple
  6133 | D:4      | Noticed Pikel
  6155 | D:4      | Slain by a lemure

Illustrated notes

Levels and vault maps discovered:
D:1:      dpeg_arrival_tiny_a, layout_loops_corners,
          ebering_ecumenical_altar_petrified, serial_shops, nicolae_shop_trees,
          shop, nicolae_shop_behind_doors, minmay_tree_intersection,
          minmay_hexomino_u4
D:2:      layout_basic, serial_bayou_lake_a, uniq_natasha
D:3:      layout_basic, mainiacjoe_overflow_catwalk, serial_shops, shop,
          nicolae_shop_overgrown_old_shop, nicolae_shop_crystal, shop, shop,
          nicolae_figureground_sparkle, uniq_sigmund
D:4:      layout_basic, minmay_temple_entry_drinking_statues,
          portal_sewer_entry_d, nicolae_ossuary_entry_false_entrances,
          uniq_duvessa, uniq_eustachio, uniq_robin, uniq_pikel
Temple:   eino_temple_lava

Skill      XL: |  1  2  3  4  5  6  7 |
---------------+----------------------+-----
Throwing       | 1 2 3 |  3.0
Fighting       | 3 4 |  4.0
Polearms       | 3 |  3.8
Dodging        | 3 |  3.5
Spellcasting   | 3 |  3.5
Translocations | 4 |  4.5

Action                   |  1- 3 |  4- 6 |  7- 9 || total
-------------------------+-------+-------+-------++-------
Melee: Spear             |    95 |    72 |       ||   167
       Tailslap          |     8 |    23 |    13 ||    44
       Punch             |     1 |       |       ||     1
       Halberd           |       |   153 |   112 ||   265
Throw: Boomerang         |     3 |       |       ||     3
       Javelin           |    11 |     5 |     5 ||    21
 Cast: Gell's Gravitas   |     2 |     5 |     9 ||    16
       Blink             |       |     1 |     1 ||     2
  Use: Scroll            |       |     6 |       ||     6
       Potion            |       |     1 |       ||     1
 Stab: Sleeping          |     1 |       |     3 ||     4
Armor: Skin              |    25 |   105 |    49 ||   179
Dodge: Dodged            |    38 |   179 |    93 ||   310
